[Event "Titled Tuesday Blitz July 05 Early 2022"]
[White "Ahn, Hongjin"]
[Black "Bharath Subramaniyam H"]
[WhiteFideId "13201492"]
[BlackFideId "46634827"]
[WhiteElo "1873"]
[BlackElo "2242"]
[Result "1-0"]
[Round "01"]
[TimeControl "180+1"]
[Date "2022.07.05"]
[WhiteClock "0:00:06"]
[BlackClock "0:00:05"]

1. d4 Nf6 2. c4 b6 3. Nf3 Bb7 4. g3 g6 5. Bg2 Bg7 6. O-O O-O 7. b3 c5 8. Bb2 cxd4 9. Bxd4 Nc6 10. Bb2 d5 11. cxd5 Qxd5 12. Nc3 Qh5 13. Rc1 Rfd8 14. Qc2 Rac8 15. Qb1 Ba6 16. Rfd1 Nb4 17. Rxd8+ Rxd8 18. Rd1 Rxd1+ 19. Qxd1 Nc6 20. h3 Bb7 21. Nd2 Qe5 22. Nc4 Qb8 23. Nd5 Nxd5 24. Bxg7 Kxg7 25. Qxd5 Qc7 26. Qd3 h5 27. Qc3+ Kg8 28. Ne3 Qd6 29. Bd5 e6 30. Qf6 Ba6 31. Bxc6 Qxc6 32. Qd8+ Kg7 33. Qd4+ Kh7 34. Qf6 Qc7 35. Kf1 Kg8 36. g4 Qc1+ 37. Kg2 Bxe2 38. Qd8+ Kh7 39. Qd7 Kg7 40. Qd4+ e5 41. Qxe5+ Kh7 42. Qf6 Qc7 43. gxh5 Bxh5 44. Nd5 Qb7 45. Qe5 f6 46. Qe6 f5 47. Kg1 Bf3 48. Ne7 Kh8 49. Qf6+ Kh7 50. Qxg6+ Kh8 51. Qg8# 1-0


[Site "https://www.chess.com"]

[Event "Titled Tuesday Blitz July 05 Early 2022"]
[White "Andreikin, Dmitry"]
[Black "Wanyama, Harold"]
[WhiteFideId "4158814"]
[BlackFideId "10000380"]
[WhiteElo "2736"]
[BlackElo "2229"]
[Result "1-0"]
[Round "01"]
[TimeControl "180+1"]
[Date "2022.07.05"]
[WhiteClock "0:02:10"]
[BlackClock "0:00:22"]

1. d4 d5 2. c4 e6 3. Nf3 Nf6 4. g3 dxc4 5. Bg2 Nc6 6. O-O Rb8 7. Bg5 Be7 8. Nbd2 b5 9. e3 a6 10. Qb1 O-O 11. Rc1 Nb4 12. b3 cxb3 13. Nxb3 Bb7 14. Bxf6 gxf6 15. Na5 Ba8 16. a3 Nd5 17. Nc6 Bxc6 18. Rxc6 Qd7 19. Qc1 Rb6 20. Rc2 Rc8 21. e4 1-0


[Site "https://www.chess.com"]

[Event "Titled Tuesday Blitz July 05 Early 2022"]
[White "Avazkhonov, Alikhon"]
[Black "Ibarra Jerez, Jose Carlos"]
[WhiteFideId "14208504"]
[BlackFideId "2226332"]
[WhiteElo "1739"]
[BlackElo "2628"]
[Result "0-1"]
[Round "01"]
[TimeControl "180+1"]
[Date "2022.07.05"]
[WhiteClock "0:00:02"]
[BlackClock "0:00:18"]

1. d4 d6 2. c4 e5 3. Nf3 e4 4. Nfd2 f5 5. Nc3 Nf6 6. e3 g6 7. Be2 Bg7 8. O-O O-O 9. b4 Nc6 10. Qb3 g5 11. Bb2 Ne7 12. d5 Ng6 13. b5 Qe7 14. c5 f4 15. exf4 Nxf4 16. Bc4 e3 17. Nf3 Ng4 18. h3 exf2+ 19. Kh1 Ne3 20. Rxf2 Nfxg2 21. Rxg2 Rxf3 22. Rh2 Bf5 23. Re1 Re8 24. Nd1 Be4 25. Kg1 Nxd1 26. Qxd1 Rg3+ 27. Kf2 Qf7+ 0-1


[Site "https://www.chess.com"]

[Event "Titled Tuesday Blitz July 05 Early 2022"]
[White "Corrales Jimenez, Fidel"]
[Black "Ljukin, Sergei"]
[WhiteFideId "3506690"]
[BlackFideId "14102200"]
[WhiteElo "2541"]
[BlackElo "2312"]
[Result "1-0"]
[Round "01"]
[TimeControl "180+1"]
[Date "2022.07.05"]
[WhiteClock "0:01:03"]
[BlackClock "0:00:10"]

1. e4 e6 2. d4 d5 3. e5 c5 4. c3 Nc6 5. Nf3 Qb6 6. a3 f6 7. Bd3 c4 8. Bc2 fxe5 9. Nxe5 Nf6 10. O-O Bd6 11. Qe2 O-O 12. Nd2 Nd7 13. Ndf3 Ndxe5 14. Nxe5 Nxe5 15. dxe5 Bc5 16. Qh5 g6 17. Bxg6 hxg6 18. Qxg6+ Kh8 19. Bg5 Bd7 20. Bf6+ Rxf6 21. exf6 Bf8 22. Rae1 Qd8 23. Re5 1-0


[Site "https://www.chess.com"]

[Event "Titled Tuesday Blitz July 05 Early 2022"]
[White "Cremisi, Daniel"]
[Black "Kamsky, Gata"]
[WhiteFideId "2089882"]
[BlackFideId "2000024"]
[WhiteElo "2172"]
[BlackElo "2645"]
[Result "0-1"]
[Round "01"]
[TimeControl "180+1"]
[Date "2022.07.05"]
[WhiteClock "0:00:22"]
[BlackClock "0:00:40"]

1. d4 Nf6 2. c4 e6 3. Nf3 b6 4. g3 a5 5. Bg2 Ba6 6. Qc2 c6 7. O-O d5 8. b3 Be7 9. Rd1 Nbd7 10. Bf4 O-O 11. Nbd2 Nh5 12. e4 Nxf4 13. gxf4 Rc8 14. Ne5 Nxe5 15. fxe5 Bg5 16. Qd3 c5 17. exd5 exd5 18. Bxd5 Qxd5 19. cxd5 Bxd3 20. Nf3 Be2 21. Nxg5 Bxd1 22. Rxd1 cxd4 23. Rxd4 f6 24. Nf3 fxe5 25. Nxe5 Rc1+ 26. Kg2 Rc2 27. d6 Rfxf2+ 28. Kg3 Rfd2 29. Rc4 Rxc4 30. Nxc4 Rd3+ 31. Kf4 b5 32. Nxa5 Rxd6 33. Nb7 Rd2 34. a4 bxa4 35. bxa4 Rxh2 36. Ke5 Ra2 37. Nc5 h5 38. Kf4 Rc2 39. Ne4 Rc4 40. a5 Ra4 0-1


[Site "https://www.chess.com"]

[Event "Titled Tuesday Blitz July 05 Early 2022"]
[White "Cruz Mendez, Jean Marco"]
[Black "Lashkin, Jegor"]
[WhiteFideId "3526402"]
[BlackFideId "13907808"]
[WhiteElo "2064"]
[BlackElo "2368"]
[Result "0-1"]
[Round "01"]
[TimeControl "180+1"]
[Date "2022.07.05"]
[WhiteClock "0:00:09"]
[BlackClock "0:01:12"]

1. e4 c5 2. Nf3 d6 3. d4 cxd4 4. Nxd4 Nf6 5. Nc3 a6 6. f3 e5 7. Nb3 Be6 8. Be3 h5 9. Qd2 Nbd7 10. O-O-O Rc8 11. Kb1 b5 12. Nd5 Bxd5 13. exd5 Nb6 14. Bxb6 Qxb6 15. Bd3 g6 16. Qg5 Be7 17. Qg3 a5 18. Qh3 O-O 19. g4 a4 20. Nc1 a3 21. gxh5 Nxh5 22. Bxg6 fxg6 23. Qe6+ Kg7 24. Qxe7+ Rf7 25. Qg5 axb2 26. Nd3 Qc7 27. Qg2 Ra8 28. Rhg1 Rf6 29. Qd2 Qc4 30. Nb4 Nf4 31. c3 Ne2 32. Rg4 Nxc3+ 33. Kxb2 Nxd1+ 34. Ka1 Qf1 0-1


[Site "https://www.chess.com"]

[Event "Titled Tuesday Blitz July 05 Early 2022"]
[White "De La Colina, Nicolas"]
[Black "Tabatabaei, M. Amin"]
[WhiteFideId "30946921"]
[BlackFideId "12521213"]
[WhiteElo "2046"]
[BlackElo "2544"]
[Result "0-1"]
[Round "01"]
[TimeControl "180+1"]
[Date "2022.07.05"]
[WhiteClock "0:00:21"]
[BlackClock "0:01:52"]

1. e4 c6 2. d4 d5 3. exd5 cxd5 4. Bd3 Nc6 5. c3 Nf6 6. h3 g6 7. Nf3 Bf5 8. Qc2 Bxd3 9. Qxd3 e6 10. Bf4 Nh5 11. Bh2 Bd6 12. Bxd6 Qxd6 13. O-O O-O 14. Nbd2 Rae8 15. Rae1 f6 16. c4 Nf4 17. Qc3 dxc4 18. Nxc4 Qd7 19. Kh1 g5 20. Ne3 Nd5 21. Qb3 Nce7 22. Rc1 Rc8 23. Rfe1 Kg7 24. Nd2 Rxc1 25. Rxc1 Rc8 26. Rc4 h5 27. Ne4 b6 28. Nc3 Nf4 29. Rxc8 Qxc8 30. d5 exd5 31. Nexd5 Nexd5 32. Nxd5 Qc1+ 33. Kh2 Ne2 34. h4 Qg1+ 35. Kh3 g4# 0-1


[Site "https://www.chess.com"]

[Event "Titled Tuesday Blitz July 05 Early 2022"]
[White "Deac, Bogdan-Daniel"]
[Black "Nozdrachev, Leonid"]
[WhiteFideId "1226380"]
[BlackFideId "24113433"]
[WhiteElo "2648"]
[BlackElo "2100"]
[Result "1-0"]
[Round "01"]
[TimeControl "180+1"]
[Date "2022.07.05"]
[WhiteClock "0:01:40"]
[BlackClock "0:01:03"]

1. d4 Nf6 2. c4 e6 3. Nf3 Bb4+ 4. Bd2 Qe7 5. g3 O-O 6. Bg2 d5 7. O-O b6 8. Bg5 a5 9. a3 Bd6 10. cxd5 exd5 11. Nc3 Be6 12. Nh4 c6 13. e4 dxe4 14. Nxe4 Nbd7 15. Re1 Bc7 16. Nxf6+ Nxf6 17. Bxc6 Rad8 18. Nf5 1-0


[Site "https://www.chess.com"]

[Event "Titled Tuesday Blitz July 05 Early 2022"]
[White "Dubov, Daniil"]
[Black "Lehtosaari, Mauri"]
[WhiteFideId "24126055"]
[BlackFideId "501999"]
[WhiteElo "2791"]
[BlackElo "2526"]
[Result "1-0"]
[Round "01"]
[TimeControl "180+1"]
[Date "2022.07.05"]
[WhiteClock "0:00:49"]
[BlackClock "0:00:02"]

1. c4 c6 2. Nf3 d5 3. g3 Nf6 4. Bg2 g6 5. b3 Bg7 6. Bb2 O-O 7. O-O a6 8. d3 Bf5 9. Nbd2 h6 10. Qc2 g5 11. Rfe1 e6 12. Rad1 Bh7 13. Qc1 Nbd7 14. Qa1 Ne8 15. Bxg7 Nxg7 16. e4 Nc5 17. Qd4 dxe4 18. Qxc5 exf3 19. Nxf3 Qc7 20. h4 gxh4 21. Nxh4 Rad8 22. Qe3 Qd6 23. Qxh6 Qd4 24. Nf3 Qg4 25. Ng5 Qh5 26. Qxh5 Nxh5 27. d4 Nf6 28. Rd2 Bg6 29. Bf3 Rfe8 30. Red1 Kg7 31. Kg2 Re7 32. Nh3 Be4 33. Bxe4 Nxe4 34. Rd3 Nf6 35. Nf4 b5 36. Kf3 Ra8 37. g4 Nh7 38. Kg3 Nf6 39. f3 a5 40. g5 Nh7 41. Kg4 bxc4 42. bxc4 a4 43. d5 e5 44. d6 Rd7 45. Nh5+ Kg6 46. f4 exf4 47. Nxf4+ Kg7 48. c5 Ra5 49. Rc1 Nf8 50. Kf5 1-0


[Site "https://www.chess.com"]

[Event "Titled Tuesday Blitz July 05 Early 2022"]
[White "Dushyant Sharma"]
[Black "Jobava, Baadur"]
[WhiteFideId "25065130"]
[BlackFideId "13601520"]
[WhiteElo "2105"]
[BlackElo "2617"]
[Result "0-1"]
[Round "01"]
[TimeControl "180+1"]
[Date "2022.07.05"]
[WhiteClock "0:00:05"]
[BlackClock "0:01:59"]

1. e4 c6 2. d4 d5 3. exd5 cxd5 4. Bd3 Nf6 5. c3 Bg4 6. Nf3 e6 7. Be3 Bd6 8. Nbd2 Nc6 9. O-O Qc7 10. Qc2 Bh5 11. Rae1 Bg6 12. Qb1 Ng4 13. h3 Nxe3 14. Rxe3 O-O-O 15. b4 Kb8 16. a4 Ne7 17. a5 Rc8 18. Rc1 Bf4 19. Re2 Bh5 20. Rc2 Bxd2 21. Rexd2 Bxf3 22. gxf3 Qf4 23. Bf1 Rxc3 24. Rxc3 Qg5+ 25. Bg2 Qxd2 26. Rd3 Qf4 27. b5 Rc8 28. Rd1 Nf5 29. b6 a6 30. Qb4 Qd6 31. Qd2 Rc4 32. Qg5 h6 33. Qg4 g6 34. h4 Kc8 35. h5 g5 36. Bh3 Kd7 37. Qg2 Nxd4 38. f4 Ne2+ 39. Kh1 Nxf4 40. Qf3 Nxh3 41. Qxh3 Rh4 0-1


[Site "https://www.chess.com"]

[Event "Titled Tuesday Blitz July 05 Early 2022"]
[White "Esipenko, Andrey"]
[Black "Martins, Bruno Andre Leite"]
[WhiteFideId "24175439"]
[BlackFideId "1942255"]
[WhiteElo "2617"]
[BlackElo "2282"]
[Result "1-0"]
[Round "01"]
[TimeControl "180+1"]
[Date "2022.07.05"]
[WhiteClock "0:00:52"]
[BlackClock "0:00:08"]

1. d4 Nf6 2. Nf3 g6 3. g3 Bg7 4. Bg2 O-O 5. O-O d6 6. b3 Nbd7 7. Bb2 Re8 8. c4 e5 9. dxe5 Ng4 10. Qd2 Ngxe5 11. Nc3 Nxf3+ 12. Bxf3 Nc5 13. Nd5 Ne4 14. Bxe4 Rxe4 15. Bxg7 Kxg7 16. f3 Re8 17. e4 Be6 18. Qd4+ f6 19. Ne3 Qe7 20. Rad1 b6 21. Rfe1 Bf7 22. Nd5 Bxd5 23. cxd5 Qe5 24. Qxe5 fxe5 25. Rc1 Re7 26. Rc4 Rf8 27. Kg2 a5 28. h4 Rff7 29. Re3 Kf8 30. Kh3 Ke8 31. Kg4 Kf8 32. a3 h5+ 33. Kh3 Ke8 34. b4 axb4 35. axb4 Kd7 36. Ra3 Kc8 37. Kg2 Kb7 38. b5 Re8 39. Rca4 Rb8 40. Ra7+ Kc8 41. Rc3 Rb7 42. Ra6 Kb8 43. Kf2 Ra7 44. Rxa7 Kxa7 45. Ke3 Kb7 46. f4 Rf8 47. Ra3 Rf7 48. Ra2 Rf8 49. Ra1 Rf7 50. Rf1 Kc8 51. Rc1 Kd7 52. fxe5 dxe5 53. Rc6 Rg7 54. Re6 Rg8 55. Rxe5 Kd6 56. Re6+ Kc5 57. Rc6+ Kxb5 58. Rxc7 Ka4 59. d6 b5 60. d7 Rd8 61. e5 b4 62. e6 b3 63. Ra7+ Kb5 64. e7 b2 65. exd8=Q 1-0


[Site "https://www.chess.com"]

[Event "Titled Tuesday Blitz July 05 Early 2022"]
[White "Espinosa Veloz, Ermes"]
[Black "So, Wesley"]
[WhiteFideId "3507424"]
[BlackFideId "5202213"]
[WhiteElo "2333"]
[BlackElo "2763"]
[Result "1-0"]
[Round "01"]
[TimeControl "180+1"]
[Date "2022.07.05"]
[WhiteClock "0:00:14"]
[BlackClock "0:00:27"]

1. e4 c5 2. Nc3 d6 3. f4 g6 4. Nf3 Bg7 5. Bc4 Nc6 6. O-O e6 7. d3 Nge7 8. Qe1 O-O 9. Qh4 d5 10. Bb3 Nd4 11. f5 gxf5 12. Bh6 Nxb3 13. axb3 f6 14. exd5 Nxd5 15. Nxd5 Qxd5 16. Rae1 Bd7 17. Kh1 Rf7 18. Nd2 Bxh6 19. Qxh6 Kh8 20. Rf3 Rg8 21. Re2 Bc6 22. Rg3 Rxg3 23. hxg3 e5 24. Nf3 Qd8 25. Nh4 Bd7 26. Rf2 Qg8 27. Nxf5 Bxf5 28. Rxf5 Qg6 29. Qxg6 hxg6 30. Rf1 Kg7 31. Kg1 b6 32. Kf2 Rd7 33. Ke3 Rd4 34. Ra1 a5 35. c3 Rg4 36. Kf3 f5 37. Ra4 Rxa4 38. bxa4 Kf6 39. g4 Kg5 40. gxf5 gxf5 41. g3 Kh5 42. Kf2 Kg4 43. Kg2 Kg5 44. Kf3 Kh5 45. Kf2 Kg6 46. Kf3 Kg5 47. Kf2 Kg4 48. Kg2 c4 49. dxc4 e4 50. b4 e3 51. c5 bxc5 52. bxa5 e2 53. Kf2 e1=Q+ 54. Kxe1 Kxg3 55. Kf1 1-0


[Site "https://www.chess.com"]

[Event "Titled Tuesday Blitz July 05 Early 2022"]
[White "Ferreira, Vitor Hugo Vieira"]
[Black "Terry, Renato"]
[WhiteFideId "2119765"]
[BlackFideId "3803457"]
[WhiteElo "2168"]
[BlackElo "2577"]
[Result "0-1"]
[Round "01"]
[TimeControl "180+1"]
[Date "2022.07.05"]
[WhiteClock "0:00:43"]
[BlackClock "0:01:32"]

1. d4 Nf6 2. c4 b6 3. d5 e6 4. Nc3 Bb4 5. dxe6 fxe6 6. Nf3 O-O 7. Bd2 Bb7 8. g3 Nc6 9. Bg2 Ne5 10. Qb3 Bc5 11. O-O Nxf3+ 12. exf3 Qe8 13. Nb5 Qh5 14. Nxc7 Rac8 15. Nb5 d5 16. f4 dxc4 17. Qa4 Bxg2 18. Kxg2 Qd5+ 19. Kg1 Qxd2 20. Rad1 Qxb2 21. Nxa7 Ra8 22. Qxc4 Rxa7 23. Qxe6+ Kh8 24. a4 Rxa4 25. h4 Qa2 26. Qf5 h6 27. g4 Bxf2+ 28. Rxf2 Qxf2+ 29. Kxf2 Ne4+ 30. Qxe4 Rxe4 0-1


[Site "https://www.chess.com"]

[Event "Titled Tuesday Blitz July 05 Early 2022"]
[White "Florescu, Codrut-Constantin"]
[Black "Fedoseev, Vladimir"]
[WhiteFideId "1202200"]
[BlackFideId "24130737"]
[WhiteElo "2191"]
[BlackElo "2726"]
[Result "0-1"]
[Round "01"]
[TimeControl "180+1"]
[Date "2022.07.05"]
[WhiteClock "0:00:43"]
[BlackClock "0:00:32"]

1. d4 Nf6 2. Nf3 e6 3. c4 b6 4. g3 Bb7 5. Bg2 Be7 6. O-O O-O 7. Re1 d5 8. cxd5 exd5 9. Nc3 Nbd7 10. Bf4 Ne4 11. Ne5 Nxe5 12. Bxe5 Bb4 13. Qd3 Re8 14. a3 Bxc3 15. bxc3 c5 16. Bf4 Rc8 17. Rac1 Qd7 18. f3 Nd6 19. a4 Nc4 20. Ra1 Bc6 21. e4 Nb2 22. Qd2 Nxa4 23. e5 cxd4 24. cxd4 b5 25. Be3 Nb6 26. Bf2 Nc4 27. Qd3 b4 28. f4 a5 29. f5 a4 30. f6 b3 31. Qf1 Qf5 32. Bh3 Qg6 33. Bxc8 Rxc8 34. Qh3 Re8 35. e6 b2 36. Rad1 a3 37. exf7+ Kxf7 38. Rxe8 Bxe8 39. Qc8 b1=Q 40. Qc7+ Kxf6 0-1


[Site "https://www.chess.com"]

[Event "Titled Tuesday Blitz July 05 Early 2022"]
[White "Grandelius, Nils"]
[Black "Leisch, Lukas"]
[WhiteFideId "1710400"]
[BlackFideId "1632094"]
[WhiteElo "2617"]
[BlackElo "2216"]
[Result "1-0"]
[Round "01"]
[TimeControl "180+1"]
[Date "2022.07.05"]
[WhiteClock "0:00:29"]
[BlackClock "0:00:01"]

1. d4 d5 2. Bf4 Nf6 3. e3 e6 4. c4 c5 5. Nf3 Nc6 6. Nc3 a6 7. dxc5 Bxc5 8. cxd5 exd5 9. Bd3 O-O 10. O-O d4 11. exd4 Nxd4 12. Ne5 Bf5 13. Bxf5 Nxf5 14. Qf3 Qe7 15. Rfe1 Rfe8 16. Nd3 Qf8 17. Qxb7 Bd4 18. Rxe8 Qxe8 19. Re1 Qc8 20. Qb3 h6 21. h3 Ra7 22. Nd5 Nxd5 23. Qxd5 Bf6 24. b4 Qd7 25. Qxd7 Rxd7 26. Nc5 Ra7 27. a4 Bc3 28. Rb1 Nd4 29. Kf1 Nc6 30. b5 axb5 31. axb5 Nd8 32. b6 Ra5 33. b7 1-0


[Site "https://www.chess.com"]

[Event "Titled Tuesday Blitz July 05 Early 2022"]
[White "Hansen, Eric"]
[Black "Odegov, Artem"]
[WhiteFideId "2606771"]
[BlackFideId "34183644"]
[WhiteElo "2568"]
[BlackElo "2286"]
[Result "1-0"]
[Round "01"]
[TimeControl "180+1"]
[Date "2022.07.05"]
[WhiteClock "0:00:33"]
[BlackClock "0:00:02"]

1. e4 e6 2. d4 d5 3. Nd2 Nf6 4. e5 Nfd7 5. Bd3 c5 6. c3 Nc6 7. Ne2 cxd4 8. cxd4 f6 9. exf6 Nxf6 10. Nf3 Bd6 11. O-O Qc7 12. g3 O-O 13. Bf4 Ng4 14. Qc1 e5 15. dxe5 Ngxe5 16. Nxe5 Bxe5 17. Bxe5 Qxe5 18. Nf4 Bg4 19. Re1 Qd4 20. Qe3 Qxe3 21. Rxe3 Rad8 22. h4 Kh8 23. a3 Nd4 24. Kg2 Bf5 25. Rae1 Bxd3 26. Rxd3 Nc6 27. Ne6 d4 28. Nxf8 Rxf8 29. b4 a6 30. Re6 Rd8 31. f4 Kg8 32. Kf3 Kf7 33. f5 Rd5 34. Ke4 Rd7 35. g4 g6 36. Rxc6 bxc6 37. fxg6+ hxg6 38. Rxd4 Re7+ 39. Kf4 Re1 40. Rc4 Re6 41. Kg5 Rd6 42. Rc5 Kg7 43. Ra5 Re6 44. Rxa6 Re5+ 45. Kf4 Re6 46. Ra7+ Kf6 47. g5# 1-0


[Site "https://www.chess.com"]

[Event "Titled Tuesday Blitz July 05 Early 2022"]
[White "Heinemann, Josefine"]
[Black "Riehle, Marco"]
[WhiteFideId "12900460"]
[BlackFideId "12904392"]
[WhiteElo "2300"]
[BlackElo "2462"]
[Result "1-0"]
[Round "01"]
[TimeControl "180+1"]
[Date "2022.07.05"]
[WhiteClock "0:00:56"]
[BlackClock "0:00:49"]

1. c4 e6 2. Nc3 d5 3. cxd5 exd5 4. d4 c6 5. Bf4 Bd6 6. Bxd6 Qxd6 7. e3 Bf5 8. Nf3 Nf6 9. Bd3 Bxd3 10. Qxd3 Nbd7 11. O-O O-O 12. b4 Rfe8 13. Rab1 b5 14. a4 a6 15. a5 Ne4 16. Ne2 f5 17. Rfc1 Ndf6 18. Ne5 Rac8 19. Ng3 g6 20. f3 Nxg3 21. hxg3 Nd7 22. f4 Nf6 23. Rc2 Re6 24. Qb3 Ne4 25. g4 fxg4 26. Nxg4 Rf8 27. Rbc1 g5 28. Ne5 gxf4 29. Rxc6 Qe7 30. Qxd5 Rf6 31. Rxe6 Qxe6 32. Rc8+ Kg7 33. Rc7+ Kh6 34. Qxe4 Qb3 35. Qxh7+ 1-0


[Site "https://www.chess.com"]

[Event "Titled Tuesday Blitz July 05 Early 2022"]
[White "Isajevsky, Anton"]
[Black "Lazavik, Denis"]
[WhiteFideId "4142500"]
[BlackFideId "13515110"]
[WhiteElo "2510"]
[BlackElo "2437"]
[Result "0-1"]
[Round "01"]
[TimeControl "180+1"]
[Date "2022.07.05"]
[WhiteClock "0:01:03"]
[BlackClock "0:01:08"]

1. c4 Nf6 2. Nc3 e5 3. Nf3 Nc6 4. e3 Bb4 5. Qc2 Bxc3 6. Qxc3 Qe7 7. a3 d5 8. cxd5 Nxd5 9. Qc2 e4 10. Ng1 O-O 11. Ne2 Ndb4 12. axb4 Nxb4 13. Qc3 Nd3+ 14. Kd1 Nxf2+ 15. Ke1 Nxh1 16. g3 Bg4 17. Bg2 Bf3 18. Kf1 Qg5 19. Nf4 Qg4 20. Bh3 Nxg3+ 21. hxg3 Qxg3 22. Ra5 Rad8 23. b4 Rd6 24. Bb2 Rh6 0-1


[Site "https://www.chess.com"]

[Event "Titled Tuesday Blitz July 05 Early 2022"]
[White "Jones, Gawain C B"]
[Black "Taboas Rodriguez, Daniel"]
[WhiteFideId "409561"]
[BlackFideId "2208466"]
[WhiteElo "2657"]
[BlackElo "2429"]
[Result "1-0"]
[Round "01"]
[TimeControl "180+1"]
[Date "2022.07.05"]
[WhiteClock "0:00:06"]
[BlackClock "0:00:03"]

1. g3 Nf6 2. Bg2 g6 3. e4 d6 4. d4 Bg7 5. c4 O-O 6. Nc3 Nc6 7. d5 Ne5 8. Qe2 e6 9. f4 Ned7 10. dxe6 fxe6 11. Nf3 e5 12. O-O exf4 13. Bxf4 Nh5 14. Bg5 Bf6 15. Bxf6 Nhxf6 16. e5 dxe5 17. Rad1 Qe7 18. Ng5 c6 19. Nge4 Nxe4 20. Nxe4 Nc5 21. Rxf8+ Qxf8 22. Nd6 Qe7 23. b4 Nd7 24. c5 Nf6 25. Rf1 Bg4 26. Qc4+ Be6 27. Qe2 Bd5 28. Bh3 b6 29. Nc8 Rxc8 30. Bxc8 bxc5 31. bxc5 Qxc5+ 32. Qf2 Qxf2+ 33. Kxf2 Kf7 34. a3 Ke7 35. Ke3 Be6 36. Bxe6 Kxe6 37. Rc1 Kd6 38. Rd1+ Ke6 39. Rd8 Ng4+ 40. Ke4 Nxh2 41. Re8+ Kd6 42. Ra8 Nf1 43. g4 Nd2+ 44. Kd3 Nf3 45. Rxa7 h5 46. Rg7 hxg4 47. Rxg6+ Kc5 48. Rxg4 Nd4 49. Kc3 Nb5+ 50. Kb2 Nd6 51. a4 e4 52. Kc3 e3 53. Rg5+ Kb6 54. Re5 Nb7 55. Kb4 c5+ 56. Kb3 Na5+ 57. Kc3 Nc6 58. Re6 Ka5 59. Rxc6 Kxa4 60. Rxc5 e2 61. Re5 1-0


[Site "https://www.chess.com"]

[Event "Titled Tuesday Blitz July 05 Early 2022"]
[White "Maghsoodloo, Parham"]
[Black "Shuvalov, Evgenij"]
[WhiteFideId "12539929"]
[BlackFideId "4187237"]
[WhiteElo "2607"]
[BlackElo "2042"]
[Result "1-0"]
[Round "01"]
[TimeControl "180+1"]
[Date "2022.07.05"]
[WhiteClock "0:01:23"]
[BlackClock "0:00:09"]

1. e4 e6 2. d4 d5 3. Nc3 Bb4 4. Ne2 dxe4 5. a3 Bxc3+ 6. Nxc3 Nc6 7. Bb5 Ne7 8. Nxe4 O-O 9. c3 Qd5 10. Qe2 f5 11. Ng5 Qxg2 12. Qf3 Qxf3 13. Nxf3 a6 14. Bxc6 Nxc6 15. Bf4 e5 16. Bxe5 Nxe5 17. Nxe5 Be6 18. f4 Bd5 19. Rg1 Rae8 20. h4 Re6 21. Kf2 Rh6 22. Kg3 a5 23. b4 a4 24. Kh3 b5 25. Rg5 Re8 26. Rag1 Re7 27. Kg3 Rf6 28. Kf2 Kf8 29. h5 Be4 30. Ke3 Rh6 31. Kd2 Rf6 32. c4 bxc4 33. Kc3 Bd3 34. R1g2 Kg8 35. b5 Rb6 36. Rb2 Rf6 37. Rb4 Rb6 38. Rxa4 h6 39. Ra8+ Kh7 40. Ng6 Rxg6 41. hxg6# 1-0


[Site "https://www.chess.com"]

[Event "Titled Tuesday Blitz July 05 Early 2022"]
[White "Manukyan, Artyom"]
[Black "Hakobyan, Aram"]
[WhiteFideId "13305786"]
[BlackFideId "13306677"]
[WhiteElo "2034"]
[BlackElo "2557"]
[Result "0-1"]
[Round "01"]
[TimeControl "180+1"]
[Date "2022.07.05"]
[WhiteClock "0:00:01"]
[BlackClock "0:00:23"]

1. e4 c5 2. Nc3 Nc6 3. Bb5 g6 4. Bxc6 dxc6 5. d3 e5 6. Be3 Nf6 7. Qd2 h6 8. h3 Nd7 9. Nge2 Bg7 10. O-O Qe7 11. f4 exf4 12. Bxf4 Nf8 13. Rae1 Ne6 14. Bg3 Qg5 15. Qxg5 hxg5 16. e5 O-O 17. Ne4 b6 18. Nd6 Ba6 19. b3 Rad8 20. a4 f5 21. exf6 Rxf6 22. Ne4 Rxf1+ 23. Rxf1 b5 24. axb5 cxb5 25. h4 c4 26. bxc4 bxc4 27. Nxg5 Nxg5 28. hxg5 cxd3 29. cxd3 Rxd3 30. Kf2 Ra3 31. Rd1 Ra2 32. Re1 Bc3 33. Rc1 Rxe2+ 34. Kf3 Bd4 35. Rc7 Re3+ 36. Kg4 Rxg3+ 0-1


[Site "https://www.chess.com"]

[Event "Titled Tuesday Blitz July 05 Early 2022"]
[White "Manukyan, Sargis A."]
[Black "Melkumyan, Hrant"]
[WhiteFideId "13303970"]
[BlackFideId "13302485"]
[WhiteElo "2187"]
[BlackElo "2604"]
[Result "0-1"]
[Round "01"]
[TimeControl "180+1"]
[Date "2022.07.05"]
[WhiteClock "0:00:06"]
[BlackClock "0:00:13"]

1. d4 Nf6 2. c4 g6 3. Nc3 Bg7 4. Nf3 d6 5. Bf4 Nh5 6. Bc1 O-O 7. e4 Bg4 8. Be3 e5 9. dxe5 dxe5 10. Qxd8 Rxd8 11. Be2 Nc6 12. Nd5 Nf4 13. Bxf4 exf4 14. O-O-O Bxf3 15. Bxf3 Nd4 16. Rhe1 Ne6 17. Bg4 Nc5 18. Nxc7 Rab8 19. Kc2 h5 20. Bh3 Rxd1 21. Rxd1 Nxe4 22. f3 Nf2 23. Rd7 Nxh3 24. gxh3 Rc8 25. Kb3 a5 26. Nd5 a4+ 27. Kb4 Bf8+ 28. Kc3 b5 29. b3 axb3 30. axb3 bxc4 31. bxc4 Ra8 32. Nxf4 Ra3+ 33. Kd4 Rxf3 34. Nd3 Rxh3 35. c5 Rxh2 36. c6 Rc2 37. c7 h4 38. Ne5 h3 39. Nc4 h2 40. c8=Q h1=Q 41. Rd8 Qh4+ 42. Kd3 Qxc4+ 43. Qxc4 Rxc4 44. Kxc4 Kg7 45. Kd5 Be7 46. Rd7 Kf6 47. Ra7 Bf8 48. Ke4 Kg7 49. Kf4 Bc5 50. Rb7 Bd6+ 51. Kg4 Kf6 52. Rd7 Ke6 53. Rb7 Be7 54. Rb6+ Ke5 55. Rb5+ Kf6 56. Rb6+ Kg7 57. Rb7 f5+ 58. Kf3 Kf6 59. Rb6+ Kg5 60. Rb5 Bd6 61. Ra5 Kf6 62. Ra6 Ke6 63. Ra7 g5 64. Rg7 Kf6 65. Rg8 Be7 66. Kg3 Kf7 67. Ra8 Bd6+ 68. Kf3 g4+ 69. Kg2 Ke6 70. Re8+ Kf6 71. Rd8 Be5 72. Rd3 f4 73. Rb3 Kf5 74. Rd3 Ke4 75. Ra3 f3+ 76. Kf1 g3 77. Ra4+ Bd4 78. Ra2 Kf4 79. Rc2 Kg4 80. Rf2 Be3 81. Rg2 fxg2+ 82. Kxg2 Bg5 83. Kh1 Kf3 0-1


[Site "https://www.chess.com"]

[Event "Titled Tuesday Blitz July 05 Early 2022"]
[White "Migot, Tangi"]
[Black "Perez Ponsa, Federico"]
[WhiteFideId "662445"]
[BlackFideId "117927"]
[WhiteElo "2490"]
[BlackElo "2672"]
[Result "0-1"]
[Round "01"]
[TimeControl "180+1"]
[Date "2022.07.05"]
[WhiteClock "0:01:06"]
[BlackClock "0:01:38"]

1. Nf3 Nf6 2. b4 g6 3. Bb2 Bg7 4. c4 O-O 5. e3 d6 6. Be2 e5 7. d4 e4 8. Nfd2 Re8 9. Nc3 h5 10. Qb3 Bf5 11. a4 Nbd7 12. a5 a6 13. b5 c6 14. bxa6 bxa6 15. Qa4 c5 16. Nb3 Rb8 17. O-O Rb4 18. Qa2 Qb8 19. Bd1 cxd4 20. exd4 e3 21. Ba3 Rxc4 22. Ne2 exf2+ 23. Rxf2 Ng4 24. Rf4 Bh6 25. Rxf5 gxf5 26. Ng3 Be3+ 27. Kh1 Nf2+ 28. Kg1 Nxd1+ 0-1


[Site "https://www.chess.com"]

[Event "Titled Tuesday Blitz July 05 Early 2022"]
[White "Nakamura, Hikaru"]
[Black "Golubev, Mikhail"]
[WhiteFideId "2016192"]
[BlackFideId "14100983"]
[WhiteElo "2850"]
[BlackElo "2374"]
[Result "1/2-1/2"]
[Round "01"]
[TimeControl "180+1"]
[Date "2022.07.05"]
[WhiteClock "0:00:32"]
[BlackClock "0:00:09"]

1. Nf3 d6 2. d4 Nf6 3. Nc3 Nbd7 4. e4 e5 5. Bc4 Be7 6. O-O O-O 7. a4 c6 8. a5 Rb8 9. Re1 Qc7 10. d5 cxd5 11. Bxd5 h6 12. Be3 Nc5 13. Nb5 Qd7 14. c4 a6 15. Nc3 Qc7 16. b4 Ne6 17. Ba7 Ra8 18. Bb6 Qb8 19. g3 Nc7 20. Kg2 Ncxd5 21. cxd5 Bd7 22. Rc1 Qe8 23. h3 Rc8 24. Qd3 Nh5 25. Nd2 f5 26. exf5 Bxf5 27. Nce4 Qg6 28. Kh2 Rxc1 29. Rxc1 Nf6 30. Nxf6+ Bxf6 31. Qe2 Bd3 32. Qe1 e4 33. Nc4 h5 34. h4 Bxh4 35. gxh4 Qg4 36. Ne3 Qxh4+ 37. Kg1 Rf6 38. Ng2 Rg6 39. Qe3 Qg4 40. Qg3 Qf5 41. Qe3 Qg4 42. Qg3 Qf5 1/2-1/2


[Site "https://www.chess.com"]